 Dungeon Crawl Stone Soup version 0.29.1-15-g9cfb28693d (webtiles) character file.

Game seed: 12547901985858966799

40 Eitelfritz the Sneak (level 3, -2/27 HPs)
             Began as a Demonspawn Brigand on Apr 25, 2023.
             Slain by Ijyb
             ... wielding a +0 club
              (5 damage)
             ... on level 3 of the Dungeon.
             The game lasted 00:02:28 (2187 turns).

Eitelfritz the Sneak (Demonspawn Brigand)           Turns: 2187, Time: 00:02:28

Health: -2/27      AC:  3    Str: 11    XL:     3   Next: 30%
Magic:  3/3        EV: 12    Int: 12    God:
Gold:   64         SH:  0    Dex: 16    Spells: 2/2 levels left

rFire   . . .      SeeInvis .   b - +0 short sword (speed)
rCold   . . .      Faith    .   (no shield)
rNeg    . . .      Spirit   .   m - +0 robe
rPois   .          Reflect  .   (no helmet)
rElec   .          Harm     .   c - +0 cloak
rCorr   .          Rampage  .   (no gloves)
Will    .....                   (no boots)
Stlth   +++.......              (no amulet)
HPRegen 0.09/turn               (no ring)
MPRegen 0.08/turn               (no ring)

@: no status effects
A: weakness stinger 1
a: no special abilities


You were on level 3 of the Dungeon.
You visited 1 branch of the dungeon, and saw 3 of its levels.

You collected 64 gold pieces.

Inventory:

Hand Weapons
 a - a +1 dagger of protection
 b - a +0 short sword of speed (weapon)
 s - a +2 dagger
Missiles
 d - 9 poisoned darts (quivered)
 e - 3 curare-tipped darts
 r - 3 boomerangs
Armour
 c - a +0 cloak (worn)
 m - a +0 robe (worn)
Scrolls
 g - 3 scrolls of identify {unknown}
 h - a scroll of enchant weapon {unknown}
 i - 3 scrolls of teleportation {unknown}
 j - 3 scrolls of poison {unknown}
 k - 3 scrolls of blinking {unknown}
 o - a scroll of vulnerability {unknown}
Potions
 f - a potion of invisibility {unknown}
 l - 2 potions of curing {unknown}
 n - 2 potions of flight {unknown}
 p - a potion of attraction {unknown}
 q - a potion of heal wounds {unknown}


   Skills:
 + Level 2.1 Fighting
 + Level 2.1 Short Blades
 + Level 1.7 Throwing
 + Level 1.0 Dodging
 + Level 4.5 Stealth


You had 2 spell levels left.
You didn't know any spells.
Your spell library contained the following spells:

 Spells                   Type           Power      Damage    Failure   Level
 Ensorcelled Hibernation  Hex/Ice        0%         N/A       45%         2
 Call Canine Familiar     Summ           0%         N/A       69%         3
 Portal Projectile        Hex/Tloc       0%         N/A       69%         3
 Spider Form              Tmut/Pois      0%         N/A       69%         3
 Anguish                  Hex/Necr       0%         N/A       97%         4
 Leda's Liquefaction      Hex/Erth       0%         N/A       97%         4


Dungeon Overview and Level Annotations

Branches:
Dungeon (3/15)

Altars:

Shops:
D:2 [

Annotations:
D:3 Ijyb


Innate Abilities, Weirdness & Mutations

You have a small tail.


Message History

The kobold is severely wounded.
The kobold closely misses you.
You hit the kobold.
You kill the kobold!
You hit the hobgoblin.
The hobgoblin is heavily wounded.
You hit the hobgoblin.
You kill the hobgoblin!
You closely miss Ijyb.
Ijyb is lightly wounded.
Ijyb hits you with a +0 club.
* * * LOW HITPOINT WARNING * * *
You hit Ijyb. Your punch misses Ijyb.
Ijyb is moderately wounded.
You closely miss Ijyb.
Ijyb is moderately wounded.
Ijyb misses you.
You hit Ijyb but do no damage.
Ijyb is moderately wounded.
Ijyb screams, "No!
No, no, no, no!"
Ijyb hits you with a +0 club.
* * * LOW HITPOINT WARNING * * *
You closely miss Ijyb.
Ijyb is moderately wounded.
You hit Ijyb.
Ijyb is heavily wounded.
Ijyb screams, "Level is mine!
All mine!"
Ijyb hits you but does no damage.
You hit Ijyb but do no damage.
Ijyb is heavily wounded.
Ijyb closely misses you.
You closely miss Ijyb.
Ijyb is heavily wounded.
Ijyb completely misses you.
You hit Ijyb but do no damage.
Ijyb is heavily wounded.
You hit Ijyb but do no damage.
Ijyb is heavily wounded.
Ijyb hits you with a +0 club.
You die...

.. #.# ##.# # ... .#
# ##.# ###.##.#
##..## #.....
####....#####.#.##.$.
+.........@g.........
####....####..####...
.. ##.#.# #.# ....
###.# #.# ... ##.##
#.# #'# ##.†.# #.#
#.###### #....# #..
.......# ##...# ###
..####.# #.###


You could see Ijyb.

Vanquished Creatures
  An adder (D:3)
  A worm (D:2)
  2 endoplasms
  A giant cockroach (D:2)
  2 goblins
  2 hobgoblins (D:3)
  3 jackals (D:2)
  5 kobolds
  A quokka (D:3)
  3 ball pythons
  3 bats (D:1)
  A frilled lizard (D:2)
  3 rats
28 creatures vanquished.

Vanquished Creatures (others)
  A plant (D:1)
  4 withered plants (D:1)
5 creatures vanquished.

Grand Total: 33 creatures vanquished

Notes
Turn   | Place    | Note
-------+----------+-------------------------------------------
     0 | D:1      | Eitelfritz the Demonspawn Brigand began the quest for the
                  | Orb.
     0 | D:1      | Reached XP level 1. HP: 16/16 MP: 1/1
    74 | D:1      | Found a faded altar of an unknown god.
   870 | D:1      | Reached skill level 4 in Stealth
   870 | D:1      | Gained mutation: You have a small tail. [demonic ancestry]
   870 | D:1      | Reached XP level 2. HP: 18/22 MP: 2/2
  1132 | D:2      | Found Xeret's Antique Armour Emporium.
  1171 | D:2      | Reached skill level 1 in Dodging
  2131 | D:3      | Reached XP level 3. HP: 27/27 MP: 3/3
  2138 | D:3      | Noticed Ijyb
  2187 | D:3      | Slain by Ijyb

Illustrated notes

Levels and vault maps discovered:
D:1:      minmay_arrival_four_circles, layout_basic,
          shapermc_ecumenical_altar_flowoftime
D:2:      layout_rooms, serial_shops, nicolae_shop_waterfront
D:3:      lemuel_castle_with_subvaults [lemuel_castle_interior_carwin_3],
          layout_loops_corners, nicolae_overflow_hidden_temple, serial_shops,
          shop, uniq_ijyb

Skill      XL: |  1  2 |
---------------+-------+-----
Short Blades   | 2 |  2.1
Stealth        | 4 |  4.5
Dodging        | 1 |  1.0
Fighting       | |  2.1
Throwing       | |  1.7

Action                   || total
-------------------------++-------
Melee: Dagger            ||   108
       Tailslap          ||    10
       Punch             ||     4
       Short sword       ||    31
 Stab: Sleeping          ||     9
Armor: Robe              ||    22
Dodge: Dodged            ||    45
